 Dungeon Crawl Stone Soup version 0.26-a0-651-gb41185065b (webtiles) character file.

Game seed: 18128252024676527093

16245 Arthanis the Cleaver (level 12, -3/81 HPs)
             Began as a Gargoyle Berserker on Oct 10, 2020.
             Was a High Priest of Trog.
             Slain by a meliai
             ... wielding a +0 war axe
              (10 damage)
             ... on level 12 of the Dungeon.
             The game lasted 00:17:29 (11273 turns).

Arthanis the Cleaver (Gargoyle Berserker)          Turns: 11273, Time: 00:17:30

Health: -3/81      AC: 29    Str: 22    XL:     12   Next: 35%
Magic:  12/12      EV:  7    Int: 12    God:    Trog [*****.]
Gold:   940        SH:  0    Dex: 15    Spells: 11/11 levels left

rFire    . . .     SeeInvis .   N - +5 executioner's axe (vorpal)
rCold    . . .     Faith    .   (shield currently unavailable)
rNeg     + . .     Spirit   .   r - +0 plate armour
rPois    ∞         Reflect  .   P - +1 hat
rElec    +         Harm     .   p - +2 cloak
rCorr    .         Rampage  .   w - +0 pair of gloves
MR       +....                  B - +1 pair of boots
Stlth    ..........             H - amulet of regeneration
HPRegen  0.63/turn              L - ring of protection from magic
MPRegen  0.13/turn              E - +6 ring of dexterity

@: berserk cooldown, slowed, very slow
A: negative energy resistance 1, electricity resistance, unbreathing,
petrification resistance, rot immunity, AC +8
a: Berserk, Trog's Hand, Brothers in Arms, Renounce Religion


You were on level 12 of the Dungeon.
You worshipped Trog.
Trog was extremely pleased with you.
You visited 1 branch of the dungeon, and saw 12 of its levels.
You also visited: Sewer.

You collected 940 gold pieces.

Inventory:

Hand Weapons
 a - a +0 hand axe
 d - a +0 spear
 D - a +1 glaive of protection
 I - a +2 hand axe of flaming
 N - a +5 vorpal executioner's axe (weapon)
 R - a +0 broad axe
Armour
 p - a +2 cloak (worn)
 r - a +0 plate armour (worn)
 w - a +0 pair of gloves (worn)
 B - a +1 pair of boots (worn)
 P - a +1 hat (worn)
 Q - the cursed +0 chain mail of Circular Logic {-Cast rF+ rCorr Str+2}
   (You found it on level 9 of the Dungeon)

   It affects your strength (+2).
   It protects you from fire.
   It prevents spellcasting.
   It provides partial protection from all sources of acid and corrosion.
   It has a curse placed upon it.
Jewellery
 c - an uncursed ring of stealth
 y - an uncursed ring of flight
 E - a +6 ring of dexterity (right hand)
 H - an amulet of regeneration (around neck)
 L - a ring of protection from magic (left hand)
 M - an uncursed ring of protection from fire
Wands
 b - a wand of enslavement (6)
 g - a wand of polymorph (17)
 m - a wand of disintegration (22)
 u - a wand of random effects (22)
 F - a wand of flame (10)
 K - a wand of paralysis (8)
Scrolls
 f - 5 scrolls of blinking
 i - 3 scrolls of enchant weapon
 j - 3 scrolls of fear
 k - a scroll of enchant armour
 l - 4 scrolls of teleportation
 q - a scroll of magic mapping
 A - 11 scrolls of remove curse
 C - 3 scrolls of immolation
 O - a scroll of identify
Potions
 e - 3 potions of mutation
 h - a potion of degeneration {unknown}
 n - 3 potions of ambrosia {unknown}
 o - 4 potions of flight {unknown}
 s - 9 potions of might
 t - 2 potions of brilliance {unknown}
 v - 4 potions of stabbing {unknown}
 x - 5 potions of curing
 z - 6 potions of heal wounds
 G - 3 potions of invisibility {unknown}
 J - 2 potions of magic {unknown}


   Skills:
 + Level 12.0 Fighting
 * Level 13.7 Axes
 - Level 6.0 Armour
 - Level 2.0 Dodging
 - Level 4.1 Evocations


You had 11 spell levels left.
You didn't know any spells.
Your spell library contained the following spells:

 Spells                   Type           Power        Failure   Level
 Foxfire                  Conj/Fire      #...         99%         1
 Sting                    Tmut/Pois      #...         99%         1
 Summon Small Mammal      Summ           #...         99%         1
 Cause Fear               Hex            #.........   100%        4
 Fulminant Prism          Conj/Hex       #.........   100%        4
 Ice Form                 Ice/Tmut       #.......     100%        4
 Summon Ice Beast         Ice/Summ       #.......     100%        4
 Blade Hands              Tmut           #.........   100%        5
 Silence                  Hex/Air        #.........   100%        5
 Yara's Violent Unravell  Hex/Tmut       #.........   100%        5
 Spellforged Servitor     Conj/Summ      #.........   100%        7
 Summon Hydra             Summ           #.........   100%        7
 Discord                  Hex            #.........   100%        8


Dungeon Overview and Level Annotations

Branches:
Dungeon (12/15)            Temple (0/1) D:7            Lair (0/6) D:10
    Orc (0/2) D:10          Sewer (visited)

Altars:
Ashenzari
Elyvilon
Gozag
Hepliaklqana
Makhleb
Okawaru
Ru
Sif Muna
Trog
Uskayaw
Vehumet
Xom
The Shining One

Shops:
D:5 (   D:6 (   D:12 }

Annotations:
D:5 1 runed translucent door, EnegeticOcto's ghost, amateur DDFi
D:9 2 transporters, catramo's ghost, novice GnCK
D:10 1 runed translucent door


Innate Abilities, Weirdness & Mutations

You are resistant to torment.
Your stone body is resilient. (AC +8)
You are immune to poison.
You resist negative energy. (rN+)
You are resistant to electric shocks. (rElec)
You can survive without breathing.
You are immune to petrification.
You are immune to rotting.


Message History

You slash the meliai!
The meliai is heavily wounded.
You hit the meliai. You closely miss the queen bee.
The meliai hits you but does no damage.
The meliai stings you but does no damage.
The meliai hits you with a +0 war axe! The meliai stings you.
The meliai hits you but does no damage. The meliai stings you.
* * * LOW HITPOINT WARNING * * *
The meliai hits you but does no damage. The meliai stings you.
* * * LOW HITPOINT WARNING * * *
The meliai hits you with a +0 hand axe!
* * * LOW HITPOINT WARNING * * *
The meliai stings you.
* * * LOW HITPOINT WARNING * * *
The meliai hits you but does no damage.
The meliai stings you but does no damage.
The meliai hits you but does no damage.
The meliai stings you but does no damage.
The meliai hits you with a +0 war axe!
You die...

#..## ##..##
##..#
######'#####
#..........>#
#.).........#
#######.....#
#†.†..#
#y@†∩.#
#.yy..+
#!....#
y.....#
†####### ##
####+##
######+##
.....(#
#####.>......


You could see a queen bee, 2 meliai and a killer bee.

Vanquished Creatures
  Erolcha (D:11)
  Erica (D:11)
  2 tengu warriors (D:11)
  2 two-headed ogres
  An ugly thing (D:10)
  A cyclops (D:11)
  Joseph (D:7)
  A kobold demonologist (D:12)
  A meliai (D:12)
  A shadow (D:11)
  A vampire (D:12)
  14 yaks
  A centaur simulacrum (D:10)
  A wraith (D:11)
  3 wargs (D:10)
  2 water moccasins (D:11)
  4 ice beasts
  2 black bears
  6 orc warriors
  An eye of draining (D:11)
  3 phantoms
  2 sky beasts
  5 ogres
  9 centaurs
  3 big kobolds (Sewer)
  6 bullfrogs
  Blork the orc (D:5)
  A water moccasin skeleton (D:7)
  2 scorpions (D:8)
  26 killer bees
  19 wights
  3 howler monkeys (D:7)
  2 bullfrog zombies
  A centaur zombie (D:10)
  2 jellies
  A quasit (D:8)
  8 hounds
  3 bullfrog skeletons
  2 centaur skeletons
  8 orc priests
  8 orc wizards
  A gnoll shaman (D:10)
  6 iguanas
  Natasha (twice) (D:2)
  3 hell rats (D:7)
  6 worker ants
  A hound skeleton (D:4)
  2 hound zombies
  A howler monkey zombie (D:8)
  2 worker ant zombies
  3 gnolls (D:10)
  15 adders
  9 river rats
  A shadow imp (D:8)
  A white imp (D:5)
  3 oozes
  3 ufetubi
  3 adder skeletons
  4 worms
  2 dart slugs
  4 leopard geckos
  32 orcs
  A giant cockroach (D:5)
  16 goblins
  10 hobgoblins
  17 jackals
  5 quokkas
  6 ball pythons
  11 bats
  9 frilled lizards
  17 kobolds
  A quokka skeleton (D:8)
  35 rats
394 creatures vanquished.

Notes
Turn   | Place    | Note
-------+----------+-------------------------------------------
     0 | D:1      | Arthanis the Gargoyle Berserker began the quest for the
                  | Orb.
     0 | D:1      | Reached XP level 1. HP: 14/14 MP: 1/1
    53 | D:1      | Reached XP level 2. HP: 19/19 MP: 2/2
    55 | D:1      | Reached skill level 3 in Axes
   274 | D:1      | Reached XP level 3. HP: 17/23 MP: 3/3
   525 | D:1      | Reached ** piety under Trog
  1109 | D:2      | Reached XP level 4. HP: 29/29 MP: 4/4
  1193 | D:2      | Noticed Natasha
  1208 | D:2      | Killed Natasha
  1471 | D:2      | Reached XP level 5. HP: 26/33 MP: 5/5
  1806 | D:2      | Noticed Natasha
  1813 | D:2      | Killed Natasha
  1813 | D:2      | Reached skill level 4 in Axes
  1911 | D:3      | Reached *** piety under Trog
  2011 | D:3      | Found a broken altar of Ashenzari.
  2104 | D:3      | Found a glowing drain.
  2139 | Sewer    | Entered a sewer
  2202 | Sewer    | Noticed a big kobold
  2218 | Sewer    | Killed a big kobold
  2218 | Sewer    | Reached XP level 6. HP: 39/39 MP: 6/6
  2374 | Sewer    | Reached **** piety under Trog
  2636 | Sewer    | Reached skill level 5 in Axes
  2665 | Sewer    | Reached skill level 5 in Fighting
  2740 | Sewer    | Reached XP level 7. HP: 43/44 MP: 7/7
  3202 | D:3      | Reached skill level 6 in Axes
  3684 | D:4      | Reached XP level 8. HP: 37/51 MP: 8/8
  4370 | D:5      | Entered Level 5 of the Dungeon
  4454 | D:5      | Reached skill level 5 in Armour
  4810 | D:5      | Found a runed translucent door.
  4813 | D:5      | Noticed EnegeticOcto's ghost (amateur DDFi)
  4819 | D:5      | Found Vempen's Weapon Emporium.
  5219 | D:5      | Noticed Blork the orc
  5234 | D:5      | Killed Blork the orc
  5612 | D:5      | Found a shimmering blue altar of Sif Muna.
  5612 | D:5      | Found a white marble altar of Elyvilon.
  5883 | D:6      | Reached skill level 7 in Axes
  6074 | D:6      | Found a hide-covered altar of Uskayaw.
  6334 | D:6      | Found Lyathrunk's Weapon Shop.
  6495 | D:6      | You fall into a shaft and drop 1 floor!
  6524 | D:7      | Found a staircase to the Ecumenical Temple.
  6607 | D:6      | Identified the Tome of Burning Creation
  6741 | D:7      | Found an iron altar of Okawaru.
  6741 | D:7      | Found a shimmering altar of Xom.
  6741 | D:7      | Found a hazy altar of Hepliaklqana.
  6741 | D:7      | Found a sacrificial altar of Ru.
  6940 | D:7      | Found a burning altar of Makhleb.
  6942 | D:7      | Found an opulent altar of Gozag.
  6952 | D:7      | Reached XP level 9. HP: 57/57 MP: 9/9
  6953 | D:7      | Found a radiant altar of Vehumet.
  7091 | D:7      | Noticed Joseph
  7111 | D:7      | Killed Joseph
  7111 | D:7      | Reached skill level 8 in Axes
  7111 | D:7      | Reached skill level 1 in Evocations
  7214 | D:7      | Reached ***** piety under Trog
  7259 | D:7      | Found the +2 ratskin cloak {*Rats rPois rN+ Str-1 Int-1
                  | Dex+1}
  7440 | D:7      | Received a gift from Trog
  7942 | D:8      | Noticed a two-headed ogre
  7967 | D:8      | Killed a two-headed ogre
  7967 | D:8      | Reached skill level 9 in Axes
  7967 | D:8      | Reached XP level 10. HP: 57/64 MP: 10/10
  8027 | D:8      | Found a bloodstained altar of Trog.
  8027 | D:8      | Found a glowing golden altar of the Shining One.
  8453 | D:8      | Reached skill level 10 in Axes
  8616 | D:9      | Noticed catramo's ghost (novice GnCK)
  8617 | D:9      | Found a transporter.
  8617 | D:9      | Identified the cursed +0 dire flail of Mastery {elec, rC+
                  | MR+ Dex+2 Stlth-}
  8617 | D:9      | Identified the +4 great mace "Ovibbucs" {vamp, +Rage}
  8617 | D:9      | Noticed a two-headed ogre
  8617 | D:9      | Noticed a two-headed ogre
  8644 | D:9      | Found a transporter.
  9007 | D:9      | Got a faintly glowing chain mail
  9107 | D:9      | Reached skill level 11 in Axes
  9288 | D:10     | Entered Level 10 of the Dungeon
  9323 | D:10     | Found a staircase to the Orcish Mines.
  9386 | D:10     | Identified Zususk's Incunabulum of Unstable Attacks
  9401 | D:10     | Found an iron altar of Okawaru.
  9406 | D:10     | Reached XP level 11. HP: 72/72 MP: 11/11
  9412 | D:10     | Reached skill level 10 in Fighting
  9571 | D:10     | Noticed a sixfirhy
  9572 | D:10     | Found a runed translucent door.
  9667 | D:10     | Found a staircase to the Lair.
 10080 | D:11     | Identified the cursed +0 chain mail of Circular Logic
                  | {-Cast rF+ rCorr Str+2} (You found it on level 9 of the
                  | Dungeon)
 10146 | D:11     | Noticed a tengu warrior
 10149 | D:11     | Noticed a cyan ugly thing
 10153 | D:11     | Noticed a cyclops
 10163 | D:11     | Killed a tengu warrior
 10163 | D:11     | Reached skill level 12 in Axes
 10172 | D:11     | Noticed Erica
 10218 | D:10     | Killed a cyan ugly thing
 10230 | D:11     | Killed Erica
 10231 | D:11     | Killed a cyclops
 10545 | D:11     | Noticed a two-headed ogre
 10546 | D:11     | Noticed a tengu warrior
 10552 | D:11     | Killed a two-headed ogre
 10552 | D:11     | Reached skill level 13 in Axes
 10552 | D:11     | Reached XP level 12. HP: 80/80 MP: 12/12
 10555 | D:11     | Killed a tengu warrior
 10563 | D:11     | Noticed Erolcha
 10579 | D:11     | Killed Erolcha
 10579 | D:11     | Received a gift from Trog
 11177 | D:12     | Found a broken altar of Ashenzari.
 11243 | D:12     | Found Reares's Gadget Boutique.
 11273 | D:12     | Slain by a meliai

Illustrated notes

Levels and vault maps discovered:
D:1:      erik_arrival_triangle_large, layout_basic, minmay_pentomino_s2
D:2:      layout_loops_ring, uniq_natasha
D:3:      layout_loops_cross, overflow_temple_1_default, portal_sewer_entry_d,
          minmay_box_of_dots
D:4:      layout_basic, kennysheep_nondescript
D:5:      layout_layer_cave, amethyst_overflow_temple_binary,
          ebering_ghost_sewer_d, serial_shops, shop, uniq_blork_the_orc
D:6:      layout_gridville, lemuel_crystal_altar, serial_shops,
          nicolae_shop_crystal
D:7:      wander_guarded_unrand_ratskin, layout_cave_pools,
          chequers_temple_overflow_statue_of_worship, minitemple,
          minmay_temple_entry_butterflies, hex_medium,
          nicolae_underground_beach, uniq_joseph
D:8:      layout_loops_cross, gammafunk_temple_overflow_wave
D:9:      layout_loops_ring, gammafunk_ghost_smash
D:10:     cheibrodos_shockbox, layout_stronghold, erik_lair_orcish_takeover,
          orc_0_dummy, okawaru_ov_weapons_minmay
D:11:     minmay_curly_fans, layout_grid_maze, uniq_erica, uniq_erolcha
D:12:     layout_roguey, serial_shops, shop, special_room [special_room_bee],
          basic_altar

Skill      XL: |  1  2  3  4  5  6  7  8  9 10 11 12 |
---------------+-------------------------------------+-----
Axes           | 3 4 5 6 7 9 11 13 | 13.7
Dodging        | 2 |  2.0
Armour         | 3 4 6 |  6.0
Fighting       | 4 5 7 8 9 11 12 | 12.0
Evocations     | 3 4 |  4.1

Action                   |  1- 3 |  4- 6 |  7- 9 | 10-12 || total
-------------------------+-------+-------+-------+-------++-------
Melee: Hand axe          |   134 |   256 |   495 |       ||   885
       Short sword       |       |       |     9 |       ||     9
       Executioner's axe |       |       |    34 |   316 ||   350
       Unarmed           |       |       |       |    12 ||    12
Invok: Berserk           |       |     6 |    10 |    10 ||    26
       Trog's Hand       |       |       |     3 |     4 ||     7
  Use: Scroll            |       |       |    13 |     3 ||    16
       Potion            |       |       |       |     1 ||     1
 Stab: Sleeping          |     5 |     1 |       |       ||     6
       Distracted        |       |       |     1 |       ||     1
       Confused          |       |       |       |     3 ||     3
Armor: Animal skin       |    49 |       |       |       ||    49
       Ring mail         |    30 |    82 |       |       ||   112
       Plate armour      |       |   119 |   411 |   437 ||   967
Dodge: Dodged            |   128 |   147 |   186 |   204 ||   665

Table legend: (Time is in decaauts)
 A = Elapsed time spent in this place.
 B = Non-inter-level travel time spent in this place.
 C = Inter-level travel time spent in this place.
 D = Time resting spent in this place.
 E = Time spent auto-exploring this place.
 F = Levels seen in this place.
 G = Mean time per level.
                   A        B        C        D        E       F      G
               +--------+--------+--------+--------+--------+-----+--------+
         Total |  11649 |  11264 |    385 |      0 |   8504 |  13 |  896.1 |
       Dungeon |  10854 |  10469 |    385 |      0 |   7971 |  12 |  904.5 |
         Sewer |    795 |    795 |      0 |      0 |    533 |   1 |  795.0 |
               +--------+--------+--------+--------+--------+-----+--------+

Top non-repeatable levels by time:
     D:5: 1500 daAuts
     D:2: 1079 daAuts
    D:11: 1050 daAuts
     D:7: 1004 daAuts
     D:4: 961 daAuts
     D:6: 883 daAuts
     D:3: 855 daAuts
     D:9: 841 daAuts
     D:8: 816 daAuts
    D:10: 806 daAuts
   Sewer: 795 daAuts
     D:1: 795 daAuts
    D:12: 260 daAuts
